 Adventure DCSS version bcrawl-1.19.2-6-g6a88ae04c9 (webtiles) character file.

Game seed: 17190656507330294793

18225 pasperui the Basher (level 12, -7/110 HPs)
             Began as a Gnoll Reaver on Jan 2, 2020.
             Was a High Priest of Vehumet.
             Mangled by a sixfirhy (11 damage)
             ... summoned by Frances
             ... on level 1 of the Shoals on Jan 3, 2020.
             The game lasted 01:56:22 (20798 turns).

pasperui the Basher (Gnoll Reaver)                 Turns: 20798, Time: 01:56:23

Health: -7/110     AC: 12    Str: 17    XL:     12   Next: 56%
Magic:  7/35       EV: 19    Int: 22    God:    Vehumet [*****.]
Gold:   1273       SH:  0    Dex: 15    Spells: 8/31 levels left
                                        Lives:  0   Deaths: 2

rFire    . . .     SeeInvis .   Z - staff of earth
rCold    . . .     Gourm    .   (no shield)
rNeg     . . .     Faith    .   u - +0 troll leather armour
rPois    .         Spirit   .   (no helmet)
rElec    .         Reflect  .   E - +1 cloak
rCorr    .         Harm     .   (no gloves)
MR       .....                  V - +0 pair of boots {run}
Stlth    ++++......             a - amulet of the acrobat
HPRegen  0.68/turn              n - ring of magical power
MPRegen  0.24/turn              o - +5 ring of intelligence

@: studying Maces & Flails, quick
A: distributed training, fangs 1, robust 1, strong nose
a: Renounce Religion


You were on level 1 of the Shoals.
You worshipped Vehumet.
Vehumet was extremely pleased with you.
You were not hungry.

You visited 4 branches of the dungeon, and saw 17 of its levels.
You also visited: Bailey.

You collected 1776 gold pieces.
You spent 503 gold pieces at shops.

Inventory:

Hand Weapons
 c - a +0 great sword of protection
 H - a +2 halberd of protection
 Y - the +2 flail "Dopt" {crush, rElec MR+ Str+3}
   (You bought it in a shop in the Orcish Mines)

   It inflicts extra damage upon your enemies.
   It affects your strength (+3).
   It insulates you from electricity.
   It affects your resistance to hostile enchantments.
Missiles
 h - 727 bolts
 l - 525 stones
 r - 2006 sling bullets
 s - 1814 arrows
 J - 153 javelins (quivered)
 N - 119 poisoned tomahawks
 R - 359 tomahawks
Armour
 b - +0 iron dragon scales
 g - a scarf of stasis
 u - a +0 troll leather armour (worn)
 E - a +1 cloak (worn)
 Q - a +0 pair of boots
 V - a +0 pair of boots of running (worn)
Magical Staves
 K - an uncursed staff of power
 U - an uncursed staff of conjuration
 Z - an uncursed staff of earth (weapon)
Jewellery
 a - an amulet of the acrobat (around neck)
 n - a ring of magical power (left hand)
 o - a +5 ring of intelligence (right hand)
 q - an uncursed ring of protection from cold
 y - a +4 ring of intelligence
 P - an uncursed ring of poison resistance
 S - an uncursed ring of see invisible
Wands
 e - a wand of disintegration (5)
 A - a wand of iceblast (3)
 I - a wand of acid (11)
 M - a wand of flame (14)
Scrolls
 k - 2 scrolls of magic mapping
 m - a scroll of blinking
 p - 3 scrolls of amnesia
 w - 2 scrolls of fear
 x - 8 scrolls of remove curse
 C - 10 scrolls of enchant armour
 D - 6 scrolls of enchant weapon
 L - 2 scrolls of vulnerability {unknown}
 O - 11 scrolls of teleportation
 T - a scroll of torment {unknown}
 X - 2 scrolls of brand weapon
Potions
 i - 4 potions of berserk rage
 j - 2 potions of flight
 t - a potion of cancellation
 v - 3 potions of curing
 z - 2 potions of invisibility
 B - 5 potions of agility
 F - 4 potions of brilliance
Books
 W - a manual of Maces & Flails
Miscellaneous
 G - a fan of gales
Comestibles
 d - a chunk of flesh
 f - 32 rations {!d}


   Skills:
 + Level 11.0 Fighting
 + Level 9.1 Short Blades
 + Level 11.0 Long Blades
 + Level 9.1 Axes
 + Level 11.6 Maces & Flails
 + Level 9.1 Polearms
 + Level 9.1 Staves
 + Level 9.1 Slings
 + Level 9.1 Bows
 + Level 9.1 Crossbows
 + Level 9.1 Throwing
 + Level 9.1 Armour
 + Level 11.0 Dodging
 + Level 9.1 Stealth
 + Level 9.1 Shields
 + Level 9.1 Unarmed Combat
 + Level 10.3 Spellcasting
 + Level 7.5 Conjurations
 + Level 7.5 Hexes
 + Level 7.5 Charms
 + Level 7.5 Summonings
 + Level 7.5 Necromancy
 + Level 7.5 Translocations
 + Level 7.5 Transmutations
 + Level 7.5 Fire Magic
 + Level 7.5 Ice Magic
 + Level 7.5 Air Magic
 + Level 7.5 Earth Magic
 + Level 7.5 Poison Magic
 + Level 9.8 Invocations
 + Level 9.1 Evocations


You had 8 spell levels left.
You knew the following spells:

 Your Spells              Type           Power        Failure   Level  Hunger
a - Sandblast             Erth           ######       1%          1    None
b - Stone Arrow           Conj/Erth      ######       1%          3    None
c - Iskenderun's Battles  Conj/Chrm      #####...     2%          5    ####...
d - Summon Ice Beast      Ice/Summ       #####...     3%          4    ##.....
e - Fulminant Prism       Conj/Hex       #####.....   1%          4    ##.....
f - Iron Shot             Conj/Erth      ######....   13%         6    None

Your spell library contained the following spells:

 Spells                   Type           Power        Failure   Level  Hunger
 Bolt of Magma            Conj/Fire/Erth ######....   2%          5    None
 Freeze                   Ice            #####.       1%          1    None
 Summon Small Mammal      Summ           ####         1%          1    None
 Call Imp                 Summ           #####.       1%          2    None
 Passwall                 Tmut/Erth      ######..     1%          2    None
 Throw Frost              Conj/Ice       #####.       1%          2    None
 Call Canine Familiar     Summ           #####...     1%          3    None
 Ozocubu's Armour         Chrm/Ice       #####...     1%          3    None
 Throw Icicle             Conj/Ice       #####...     1%          4    ##.....
 Lee's Rapid Deconstruct  Erth           ######....   2%          5    None
 Ice Form                 Ice/Tmut       #####...     3%          4    ##.....
 Petrify                  Tmut/Erth      ######..     3%          4    None
 Metabolic Englaciation   Hex/Ice        #####.....   9%          5    ####...
 Summon Lightning Spire   Summ/Air       #####...     9%          5    ####...
 Bolt of Cold             Conj/Ice       #####.....   13%         6    ######.
 Ozocubu's Refrigeration  Ice            #####.....   13%         6    ######.
 Poison Arrow             Conj/Pois      #####.....   13%         6    ######.
 Freezing Cloud           Ice/Air        #####.....   43%         6    ######.
 Simulacrum               Ice/Necr       #####.....   43%         6    ######.
 Orb of Destruction       Conj           #####.....   52%         7    #######
 Spellforged Servitor     Conj/Summ      #####.....   52%         7    #######


Dungeon Overview and Level Annotations

Branches:
Dungeon (12/12)            Temple (0/1) D:4            Lair (3/6) D:7
 Shoals (1/3) Lair:2       Spider (0/3) Lair:2          Orc (1/1) D:11
    Elf (0/3) Orc          Vaults (0/3) D:12
 Depths: D:12

Altars:
Elyvilon
Kikubaaqudgha
Lugonu
Nemelex Xobeh
Okawaru
Ru
Sif Muna
Vehumet
Wu Jian
Yredelemnul
Zin
The Shining One

Shops:
D:4 }%%   D:5 ?   Orc [**(:

Annotations:
D:4 Eustachio
Shoals:1 Frances


Innate Abilities, Weirdness & Mutations

Your experience applies equally to all skills.
You have very sharp teeth.
Your uncanny sense of smell can sniff out nearby items.
You are robust. (+10% HP)


Message History

The chaos spawn misses you.
The sixfirhy hits you but does no damage.
Frances barely misses you.
Unknown command.
Casting: Stone Arrow (safe; 1% risk of failure)
Confirm with . or Enter, or press ? or * to list all spells.
Aiming: Sandblast (safe; 1% risk of failure)
Press: ? - help, Shift-Dir - straight line, f/p - Frances
Aim: Frances, wielding a +0 vampiric battleaxe and wearing a +0 leather armour (moderately wounded, fast)
You feel a surge of power!
The blast of sand hits Frances.
Frances is heavily wounded.
l - 525 stones The sixfirhy hits you.
* * * LOW HITPOINT WARNING * * *
The sixfirhy shocks you!
* * * LOW HITPOINT WARNING * * *
The sixfirhy hits you!
* * * LOW HITPOINT WARNING * * *
The sixfirhy shocks you!
You die...

..≈≈≈≈≈....
#.≈≈≈≈≈≈≈≈≈≈ .
##.≈≈≈≈≈≈≈≈≈≈
..###.≈≈≈≈≈≈≈...
.....≈≈≈≈≈≈.....
.....≈≈≈≈≈..#
#...$≈≈.# ###
##..3@..###....
#.).@4......≈≈≈≈
#..##...≈....≈≈≈≈
....# ##.≈≈..≈≈≈≈≈≈
...$. #.....≈≈≈≈≈≈
≈..# ###.....≈≈≈≈≈≈
≈≈. ##.........≈≈≈≈
..≈###..........≈≈≈≈
≈..............≈≈≈≈
≈≈............≈≈≈≈≈


You could see Frances, a sixfirhy and a chaos spawn.

Vanquished Creatures
  An orc warlord (Orc)
  Erolcha (D:12)
  2 hydras
  A centaur warrior (D:11)
  2 two-headed ogres
  A death knight (D:11)
  2 merfolk avatars (Shoals:1)
  3 orc high priests (Orc)
  2 tengu warriors (D:11)
  Sonja (Lair:1)
  3 sea snakes (Shoals:1)
  An unseen horror (D:12)
  A deep elf mage (D:8)
  3 orc knights (Orc)
  Pikel (D:8)
  7 orc sorcerers (Orc)
  2 cyclopes
  A faun (Shoals:1)
  An ugly thing (D:11)
  2 manticores
  A merfolk siren (Shoals:1)
  An eye of devastation (shapeshifter) (D:12)
  Joseph (D:7)
  3 elephants (Lair:3)
  2 black mambas
  4 cane toads
  A centaur skeleton (D:11)
  A water nymph (Shoals:1)
  2 komodo dragons
  4 merfolk (Shoals:1)
  7 trolls
  A hornet (D:10)
  A hornet (shapeshifter) (D:12)
  A slime creature (Lair:1)
  5 blink frogs (Lair:3)
  12 hippogriffs
  2 redbacks (Lair:2)
  A vampire (D:11)
  6 yaks
  A human (D:8)
  3 wyverns
  4 hogs (D:8)
  A basilisk (Lair:1)
  3 hungry ghosts
  A warg (Orc)
  4 crocodiles
  An acid dragon (D:7)
  2 hell hounds (Lair:2)
  5 water moccasins
  35 orc warriors
  2 porcupines
  4 ice beasts
  A black bear (D:9)
  An eye of draining (D:11)
  29 wolves
  6 ogres
  4 slaves (D:8)
  12 centaurs
  12 bullfrogs
  A big kobold (D:6)
  A wyvern skeleton (D:9)
  5 scorpions
  12 killer bees
  A vampire bat (D:4)
  3 wights (D:11)
  2 howler monkeys
  6 crimson imps
  2 bullfrog zombies (D:6)
  6 hounds
  3 quasits
  12 jellies
  19 orc priests
  3 iguanas
  20 orc wizards
  6 worker ants
  5 adders
  4 gnolls (D:4)
  A howler monkey skeleton (D:8)
  5 shadow imps
  12 oozes (Lair:1)
  An adder zombie (D:6)
  3 worms
  A dart slug (D:3)
  3 fire bats (D:4)
  13 leopard geckos
  70 orcs
  2 spectral bats (D:4)
  3 bat skeletons (D:4)
  A bat zombie (D:4)
  2 giant cockroaches
  9 hobgoblins
  6 jackals
  18 kobolds
  5 quokkas
  2 ball pythons
  12 bats
  A bat simulacrum (D:4)
  3 frilled lizards
  2 goblins
  2 quokka skeletons (D:4)
  11 rats
  3 rat zombies (D:8)
  A fungus (Lair:3)
  A plant (Lair:3)
529 creatures vanquished.

Vanquished Creatures (collateral kills)
  A wyvern (D:7)
  A crocodile (D:7)
2 creatures vanquished.

Vanquished Creatures (others)
  An orc (Orc)
  39 fulminant prisms
  8 fungi
  A plant (Lair:3)
49 creatures vanquished.

Grand Total: 580 creatures vanquished

Notes
Turn   | Place    | Note
-------+----------+-------------------------------------------
     0 | D:1      | pasperui the Gnoll Reaver began the quest for the Orb.
     0 | D:1      | Reached XP level 1. HP: 23/23 MP: 6/6
   199 | D:1      | Reached XP level 2. HP: 25/29 MP: 7/7
   959 | D:2      | Reached * piety under Vehumet
   959 | D:2      | Offered knowledge of Sandblast by Vehumet.
   969 | D:2      | Learned a level 1 spell: Sandblast
  1042 | D:2      | Reached XP level 3. HP: 28/35 MP: 9/9
  1079 | D:2      | Reached skill level 5 in Spellcasting
  1201 | D:2      | Reached skill level 1 in Invocations
  1304 | D:2      | Reached skill level 1 in Short Blades
  1304 | D:2      | Reached skill level 1 in Axes
  1304 | D:2      | Reached skill level 1 in Maces & Flails
  1304 | D:2      | Reached skill level 1 in Polearms
  1304 | D:2      | Reached skill level 1 in Staves
  1304 | D:2      | Reached skill level 1 in Slings
  1304 | D:2      | Reached skill level 1 in Bows
  1304 | D:2      | Reached skill level 1 in Crossbows
  1304 | D:2      | Reached skill level 1 in Throwing
  1304 | D:2      | Reached skill level 1 in Armour
  1304 | D:2      | Reached skill level 1 in Stealth
  1304 | D:2      | Reached skill level 1 in Shields
  1304 | D:2      | Reached skill level 1 in Unarmed Combat
  1304 | D:2      | Reached skill level 1 in Evocations
  1592 | D:2      | Reached XP level 4. HP: 40/41 MP: 11/11
  1845 | D:3      | Offered knowledge of Searing Ray by Vehumet.
  1890 | D:3      | Reached ** piety under Vehumet
  2236 | D:3      | Found a sparkling altar of Nemelex Xobeh.
  2822 | D:3      | Reached skill level 1 in Conjurations
  2822 | D:3      | Reached skill level 1 in Hexes
  2822 | D:3      | Reached skill level 1 in Charms
  2822 | D:3      | Reached skill level 1 in Summonings
  2822 | D:3      | Reached skill level 1 in Necromancy
  2822 | D:3      | Reached skill level 1 in Translocations
  2822 | D:3      | Reached skill level 1 in Transmutations
  2822 | D:3      | Reached skill level 1 in Fire Magic
  2822 | D:3      | Reached skill level 1 in Ice Magic
  2822 | D:3      | Reached skill level 1 in Air Magic
  2822 | D:3      | Reached skill level 1 in Earth Magic
  2822 | D:3      | Reached skill level 1 in Poison Magic
  2822 | D:3      | Reached XP level 5. HP: 33/47 MP: 12/12
  3288 | D:4      | Found Lawidij's Gadget Shop.
  3304 | D:4      | Reached XP level 6. HP: 52/53 MP: 13/13
  3441 | D:4      | Found Netid's Weapon Boutique.
  3602 | D:4      | Found Efom's Food Shoppe.
  3785 | D:4      | Offered knowledge of Ignite Poison by Vehumet.
  3974 | D:4      | Found a staircase to the Ecumenical Temple.
  4014 | D:4      | Found Doceoc's Food Shoppe.
  4152 | D:4      | Found an iron altar of Okawaru.
  4152 | D:4      | Found an ornate altar of the Wu Jian Council.
  4153 | D:4      | Found a shimmering blue altar of Sif Muna.
  4208 | D:4      | Reached *** piety under Vehumet
  4223 | D:4      | Reached XP level 7. HP: 58/59 MP: 15/15
  4621 | D:5      | Entered Level 5 of the Dungeon
  4633 | D:5      | Noticed Eustachio
  4657 | D:4      | Offered knowledge of Stone Arrow by Vehumet.
  4896 | D:5      | Found a white marble altar of Elyvilon.
  4903 | D:5      | Learned a level 3 spell: Stone Arrow
  5416 | D:5      | Found Saoxa's Magic Scroll Shoppe.
  5421 | D:5      | Bought a scroll of teleportation for 42 gold pieces
  5559 | D:6      | Noticed a hippogriff
  5567 | D:6      | Killed a hippogriff
  5567 | D:6      | Reached XP level 8. HP: 64/67 MP: 6/16
  5979 | D:6      | Noticed an angel
  5980 | D:6      | Found a glowing silver altar of Zin.
  6081 | D:6      | Found a radiant altar of Vehumet.
  6176 | D:6      | Reached **** piety under Vehumet
  6578 | D:6      | Offered knowledge of Fulminant Prism by Vehumet.
  6578 | D:6      | Reached XP level 9. HP: 64/72 MP: 2/18
  6630 | D:7      | Found a flagged portal.
  6663 | Bailey   | Entered a bailey
  7024 | Bailey   | Learned a level 5 spell: Iskenderun's Battlesphere
  7219 | Bailey   | Learned a level 4 spell: Summon Ice Beast
  7460 | Bailey   | Learned a level 4 spell: Fulminant Prism
  7807 | Bailey   | Reached skill level 5 in Invocations
  7860 | Bailey   | Reached ***** piety under Vehumet
  7860 | Bailey   | Reached XP level 10. HP: 33/80 MP: 2/20
  8383 | D:7      | Offered knowledge of Ozocubu's Refrigeration by Vehumet.
  8386 | D:7      | Reached skill level 5 in Maces & Flails
  8652 | D:7      | Found a staircase to the Lair.
  8883 | D:7      | Reached skill level 5 in Short Blades
  8883 | D:7      | Reached skill level 5 in Axes
  8883 | D:7      | Reached skill level 5 in Polearms
  8883 | D:7      | Reached skill level 5 in Staves
  8883 | D:7      | Reached skill level 5 in Slings
  8883 | D:7      | Reached skill level 5 in Bows
  8883 | D:7      | Reached skill level 5 in Crossbows
  8883 | D:7      | Reached skill level 5 in Throwing
  8883 | D:7      | Reached skill level 5 in Armour
  8883 | D:7      | Reached skill level 5 in Stealth
  8883 | D:7      | Reached skill level 5 in Shields
  8883 | D:7      | Reached skill level 5 in Unarmed Combat
  8883 | D:7      | Reached skill level 5 in Evocations
  8940 | D:7      | Noticed Joseph
  8948 | D:7      | Killed Joseph
  9410 | D:8      | Noticed Pikel
  9428 | D:8      | Killed Pikel
  9581 | D:8      | Found a corrupted altar of Lugonu.
  9773 | D:8      | Noticed a deep elf mage
  9777 | D:8      | Killed a deep elf mage
 10053 | D:8      | Found a basalt altar of Yredelemnul.
 10059 | D:8      | Found a glowing golden altar of the Shining One.
 10099 | D:8      | Reached XP level 11. HP: 87/87 MP: 22/22
 10182 | D:8      | Found an ancient bone altar of Kikubaaqudgha.
 10762 | D:8      | Noticed an angel
 10854 | D:9      | Reached skill level 5 in Conjurations
 10854 | D:9      | Reached skill level 5 in Hexes
 10854 | D:9      | Reached skill level 5 in Charms
 10854 | D:9      | Reached skill level 5 in Summonings
 10854 | D:9      | Reached skill level 5 in Necromancy
 10854 | D:9      | Reached skill level 5 in Translocations
 10854 | D:9      | Reached skill level 5 in Transmutations
 10854 | D:9      | Reached skill level 5 in Fire Magic
 10854 | D:9      | Reached skill level 5 in Ice Magic
 10854 | D:9      | Reached skill level 5 in Air Magic
 10854 | D:9      | Reached skill level 5 in Earth Magic
 10854 | D:9      | Reached skill level 5 in Poison Magic
 11541 | D:10     | Entered Level 10 of the Dungeon
 11564 | D:10     | Noticed a cyclops
 11570 | D:10     | Killed a cyclops
 11928 | D:10     | Found a sacrificial altar of Ru.
 11934 | D:10     | Noticed a five-headed hydra
 11946 | D:10     | Killed a five-headed hydra
 12224 | D:10     | Noticed a manticore
 12229 | D:10     | Killed a manticore
 12626 | D:10     | Noticed a two-headed ogre
 12632 | D:10     | Killed a two-headed ogre
 12757 | D:10     | Reached XP level 12. HP: 96/96 MP: 20/24
 13002 | D:11     | Noticed a centaur warrior
 13011 | D:11     | Killed a centaur warrior
 13121 | D:11     | Noticed a death knight
 13132 | D:11     | Killed a death knight
 13283 | D:11     | Found a staircase to the Orcish Mines.
 13286 | D:11     | Noticed a tengu warrior
 13287 | D:11     | Noticed a tengu warrior
 13300 | D:11     | Killed a tengu warrior
 13302 | D:11     | Killed a tengu warrior
 13502 | D:11     | Got a brightly glowing scale mail
 13513 | D:11     | Identified the +3 scale mail of Olyesun {rCorr SInv} (You
                  | found it on level 11 of the Dungeon)
 14202 | D:12     | Entered Level 12 of the Dungeon
 14202 | D:12     | Noticed a two-headed ogre
 14202 | D:12     | Noticed Erolcha
 14205 | D:12     | Killed Erolcha
 14212 | D:12     | Killed a two-headed ogre
 14387 | D:12     | Found a gate to the Vaults.
 14415 | D:12     | Reached skill level 10 in Fighting
 14415 | D:12     | Reached skill level 10 in Long Blades
 14415 | D:12     | Reached skill level 10 in Dodging
 14761 | Lair:1   | Entered Level 1 of the Lair of Beasts
 14768 | Lair:1   | Offered knowledge of Yara's Violent Unravelling by Vehumet.
 14985 | Lair:1   | Noticed Sonja
 14992 | Lair:1   | Killed Sonja
 15131 | Lair:1   | Reached XP level 13. HP: 103/103 MP: 26/26
 15625 | Lair:1   | Reached skill level 10 in Maces & Flails
 15767 | Lair:2   | Found a staircase to the Shoals.
 15842 | Lair:2   | Found a dark tunnel.
 15873 | Lair:2   | Found a hole to the Spider Nest.
 16125 | Lair:2   | Learned a level 6 spell: Iron Shot
 16493 | Lair:3   | Gained mutation: You are weak. (Str -2) [potion of
                  | mutation]
 16493 | Lair:3   | Lost mutation: You are weak. (Str -2) [potion of mutation]
 16493 | Lair:3   | Gained mutation: You are robust. (+10% HP) [potion of
                  | mutation]
 16934 | Lair:3   | Offered knowledge of Mana Rupture by Vehumet.
 17935 | Orc      | Entered the Orcish Mines
 18003 | Orc      | Found Kebiv's Assorted Antiques.
 18044 | Orc      | Bought an iridescent flail for 221 gold pieces
 18047 | Orc      | Identified the +2 flail "Dopt" {crush, rElec MR+ Str+3}
                  | (You bought it in a shop in the Orcish Mines)
 18587 | Orc      | Paralysed by an orc sorcerer for 4 turns
 18838 | Orc      | Offered knowledge of Bolt of Magma by Vehumet.
 18970 | Orc      | Found a staircase to the Elven Halls.
 19002 | Orc      | Noticed an orc warlord
 19054 | Orc      | Killed an orc warlord
 19054 | Orc      | Reached skill level 10 in Spellcasting
 19257 | Orc      | Reached XP level 14. HP: 69/122 MP: 21/28
 19965 | Orc      | Found Eptewy's General Store.
 19969 | Orc      | Paralysed by an orc sorcerer for 2 turns
 19986 | Orc      | Found Tahi's Book Shoppe.
 20030 | Orc      | Found Geicej's Antique Armour Emporium.
 20030 | Orc      | Found Taar's Antique Weapon Emporium.
 20115 | Orc      | Bought a pair of glowing boots for 240 gold pieces
 20127 | Orc      | Identified a +0 pair of boots of running (You bought it in
                  | a shop in the Orcish Mines)
 20409 | Shoals:1 | Entered Level 1 of the Shoals
 20416 | Shoals:1 | HP: 1/122 [drowned by a water nymph (11)]
 20418 | Shoals:1 | Drowned by a water nymph
 20419 | Shoals:1 | Reached XP level 13. HP: -7/115 MP: 29/36
 20758 | Shoals:1 | HP: 5/116 [satyr/arrow (24)]
 20759 | Shoals:1 | Shot with an arrow by a satyr
 20760 | Shoals:1 | Reached XP level 12. HP: -27/110 MP: 3/35
 20782 | Shoals:1 | Noticed Frances
 20798 | Shoals:1 | HP: 4/110 [sixfirhy[Frances] (11)]
 20798 | Shoals:1 | Mangled by a sixfirhy

Skill      XL: |  1  2  3  4  5  6  7  8  9 10 11 12 13 |
---------------+----------------------------------------+-----
Spellcasting   | 5 6 7 8 9 10 | 10.3
Invocations    | 1 2 3 4 5 6 7 8 9 |  9.8
Short Blades   | 1 2 3 4 5 6 7 9 |  9.1
Axes           | 1 2 3 4 5 6 7 9 |  9.1
Maces & Flails | 1 2 3 4 6 8 9 11 | 11.6
Polearms       | 1 2 3 4 5 6 7 9 |  9.1
Staves         | 1 2 3 4 5 6 7 9 |  9.1
Slings         | 1 2 3 4 5 6 7 9 |  9.1
Bows           | 1 2 3 4 5 6 7 9 |  9.1
Crossbows      | 1 2 3 4 5 6 7 9 |  9.1
Throwing       | 1 2 3 4 5 6 7 9 |  9.1
Armour         | 1 2 3 4 5 6 7 9 |  9.1
Stealth        | 1 2 3 4 5 6 7 9 |  9.1
Shields        | 1 2 3 4 5 6 7 9 |  9.1
Unarmed Combat | 1 2 3 4 5 6 7 9 |  9.1
Evocations     | 1 2 3 4 5 6 7 9 |  9.1
Conjurations   | 1 2 3 4 5 6 7 |  7.5
Hexes          | 1 2 3 4 5 6 7 |  7.5
Charms         | 1 2 3 4 5 6 7 |  7.5
Summonings     | 1 2 3 4 5 6 7 |  7.5
Necromancy     | 1 2 3 4 5 6 7 |  7.5
Translocations | 1 2 3 4 5 6 7 |  7.5
Transmutations | 1 2 3 4 5 6 7 |  7.5
Fire Magic     | 1 2 3 4 5 6 7 |  7.5
Ice Magic      | 1 2 3 4 5 6 7 |  7.5
Air Magic      | 1 2 3 4 5 6 7 |  7.5
Earth Magic    | 1 2 3 4 5 6 7 |  7.5
Poison Magic   | 1 2 3 4 5 6 7 |  7.5
Fighting       | 7 8 9 10 11 | 11.0
Long Blades    | 7 8 9 10 11 | 11.0
Dodging        | 7 8 9 10 11 | 11.0

Action                   |  1- 3 |  4- 6 |  7- 9 | 10-12 | 13-15 || total
-------------------------+-------+-------+-------+-------+-------++-------
Melee: Long sword        |   131 |   203 |   122 |       |       ||   456
       Bite              |    15 |    20 |    27 |    27 |    59 ||   148
       Dagger            |     6 |       |       |       |       ||     6
       Falchion          |       |       |   118 |   245 |       ||   363
       Halberd           |       |       |    85 |     2 |       ||    87
       Punch             |       |       |       |     7 |    14 ||    21
       Battleaxe         |       |       |       |    34 |    51 ||    85
       Staff             |       |       |       |     9 |   173 ||   182
       Flail             |       |       |       |       |   125 ||   125
 Fire: Hunting sling     |       |       |       |    21 |       ||    21
       Longbow           |       |       |       |       |     1 ||     1
Throw: Stone             |       |     2 |     4 |       |       ||     6
       Javelin           |       |       |       |     2 |       ||     2
 Cast: Sandblast         |     4 |    27 |    20 |     6 |    72 ||   129
       Stone Arrow       |       |       |    61 |   248 |   245 ||   554
       Fulminant Prism   |       |       |     4 |    21 |    14 ||    39
       Iskenderun's Batt |       |       |     2 |       |     1 ||     3
       Summon Ice Beast  |       |       |     1 |     2 |       ||     3
       Iron Shot         |       |       |       |       |     1 ||     1
  Use: Potion            |       |       |     2 |       |     8 ||    10
       Scroll            |       |       |       |    14 |     4 ||    18
 Stab: Sleeping          |       |     5 |     5 |     4 |     2 ||    16
       Distracted        |       |       |       |       |     2 ||     2
  Eat: Chunk             |     2 |     9 |    15 |    21 |    16 ||    63
       Ration            |       |       |       |     1 |     1 ||     2
Armor: Steam dragon scal |    34 |    47 |    93 |    12 |       ||   186
       Troll leather arm |       |       |       |    61 |    96 ||   157
       Scale mail        |       |       |       |    32 |       ||    32
Dodge: Dodged            |    84 |    88 |   240 |   301 |   494 ||  1207
Block: Other             |     4 |       |       |    18 |       ||    22
       Shield            |     3 |   117 |   184 |       |       ||   304
